 Dungeon Crawl Stone Soup version 0.22.0-49-gab54619 (webtiles) character file.

158 slr42 the Changer (level 5, -1/37 HPs)
             Began as a Merfolk Transmuter on Sept 4, 2018.
             Was a Follower of Ashenzari.
             Killed from afar by an orc wizard (6 damage)
             ... with a magic dart
             ... on level 3 of the Dungeon.
             The game lasted 00:24:18 (3960 turns).

slr42 the Changer (Merfolk Transmuter)              Turns: 3960, Time: 00:24:19

Health: -1/37      AC:  2    Str: 10    XL:     5   Next: 39%
Magic:  0/9        EV: 12    Int: 13    God:    Ashenzari [*.....]
Gold:   130        SH:  0    Dex: 11    Spells: 4/10 levels left

rFire    . . .     SeeInvis .   c - +1 spear (curse)
rCold    . . .     Gourm    .   (no shield)
rNeg     . . .     Faith    .   b - +0 robe
rPois    .         Spirit   .   (no helmet)
rElec    .         Reflect  .   (no cloak)
rCorr    .         Harm     .   (no gloves)
MR       +....                  (no boots)
Stlth    +.........             x - amulet of the acrobat
HPRegen  0.12/turn              i - ring of protection from magic
MPRegen  0.11/turn              k - -4 ring of dexterity (curse)

@: lethally poisoned (-1 -> -5), hasted, very quick
A: change form in water, swift swim, stealthy swim
a: Curse Item, Scrying, Renounce Religion


You were on level 3 of the Dungeon.
You worshipped Ashenzari.
Ashenzari was aware of your devotion.
You were hungry.

You visited 1 branch of the dungeon, and saw 3 of its levels.

You collected 130 gold pieces.

Inventory:

Hand Weapons
 c - a cursed +1 spear (weapon)
 e - a +0 dagger
 v - a +0 dagger of venom
Missiles
 a - 60 arrows
 f - 79 stones (quivered)
 w - 6 needles of paralysis
Armour
 b - a +0 robe (worn)
 p - a +0 helmet
Jewellery
 i - a ring of protection from magic (left hand)
 k - a cursed -4 ring of dexterity (right hand)
 x - an amulet of the acrobat (around neck)
Wands
 o - a wand of disintegration (21)
Scrolls
 m - a scroll of teleportation
Potions
 g - a potion of flight {unknown}
 j - a potion of lignification {unknown}
 l - a potion of cancellation {unknown}
 n - a potion of degeneration {unknown}
 r - a potion of brilliance {unknown}
 t - a potion of mutation {unknown}
 u - a potion of curing {unknown}
Comestibles
 d - 5 rations


   Skills:
 - Level 1.1 Fighting
 - Level 2.6 Dodging
 - Level 3.2 Unarmed Combat
 + Level 3.1 Spellcasting
 + Level 6.2 Transmutations


You had 4 spell levels left.
You knew the following spells:

 Your Spells              Type           Power        Failure   Level  Hunger
a - Beastly Appendage     Tmut           ###...       1%          1    #......
b - Sticks to Snakes      Tmut           ###.....     2%          2    ##.....
c - Spider Form           Tmut/Pois      ##........   19%         3    ###....

Your spell library contained the following spells:

 Spells                   Type           Power        Failure   Level  Hunger
 Magic Dart               Conj           #...         22%         1    #......
 Blink                    Tloc           N/A          34%         2    ##.....
 Call Imp                 Summ           #.......     34%         2    ##.....
 Slow                     Hex            #.......     34%         2    ##.....
 Ice Form                 Ice/Tmut       ##......     54%         4    #####..
 Conjure Flame            Conj/Fire      #.......     56%         3    ###....
 Mephitic Cloud           Conj/Pois/Air  #.......     56%         3    ###....
 Blade Hands              Tmut           ###.......   43%         5    ######.


Dungeon Overview and Level Annotations

Branches:
Dungeon (3/15)

Altars:
Ashenzari
Nemelex Xobeh
Sif Muna
Wu Jian
Yredelemnul
The Shining One


Message History

The orc wizard hits you with a dagger.
You feel sick.
The orc priest hits you with a hand axe.
The orc priest hits your ball python with a hand axe.
Your ball python dies!
The orc wizard points at you and mumbles some strange words.
The magic dart hits your ball python.
Your ball python dies!
You hit the orc priest but do no damage.
The orc priest is heavily wounded.
You feel sick.
The orc priest calls down the wrath of Beogh upon you.
Beogh smites you!
* * * LOW HITPOINT WARNING * * *
The orc wizard gestures at you while chanting.
You resist with almost no effort.
You feel yourself speed up. The orc priest barely misses you.
The orc wizard points at you and mumbles some strange words.
The magic dart hits you!
You die...

#.#...# #.# #.##... #.#...# #.##
#.##... #.#...# #..# #.##.#.
##############.#...# ##.###.##.#.
......#............# #..##.##.#.
#####.###.####.#...# ##.##.##.#.
.......##.# #.#..######.##.##.#.
#####..#<.####...ooo....).o......
#...........#@.##......#..###.
#...##.####.#..##.........# #.
#...#######.#..##.........# #.
####..............##.........# #o
#.##.#.#########..########...###.
#.##.............................
..##..####################...###.
#.##.....................##..###.
#.##..#...#...#...#...#..#....##.


You could see an orc priest, an orc wizard and an orc.

Vanquished Creatures
  5 adders
  An ooze (D:1)
  A worm (D:2)
  A dart slug (D:1)
  A leopard gecko (D:2)
  2 orcs (D:3)
  6 giant cockroaches
  7 hobgoblins
  7 jackals
  2 quokkas
  A ball python (D:3)
  9 bats
  6 frilled lizards
  7 goblins
  8 kobolds
  14 rats
78 creatures vanquished.

Vanquished Creatures (collateral kills)
  An orc wizard (D:3)
  An adder (D:2)
  A leopard gecko (D:2)
  An orc (D:3)
4 creatures vanquished.

Vanquished Creatures (others)
  A kobold (D:3)
1 creature vanquished.

Grand Total: 83 creatures vanquished

Notes
Turn   | Place    | Note
-------+----------+-------------------------------------------
     0 | D:1      | slr42 the Merfolk Transmuter began the quest for the Orb.
     0 | D:1      | Reached XP level 1. HP: 15/15 MP: 3/3
     7 | D:1      | Noticed a killer bee
     7 | D:1      | Noticed a black bear
     7 | D:1      | Noticed a wyvern
     7 | D:1      | Noticed a crocodile
     7 | D:1      | Noticed a swamp worm
    28 | D:1      | Reached skill level 3 in Transmutations
    65 | D:1      | Reached XP level 2. HP: 9/21 MP: 5/5
   291 | D:1      | Reached skill level 4 in Transmutations
   492 | D:1      | Reached XP level 3. HP: 14/26 MP: 4/6
   776 | D:1      | Learned a level 2 spell: Sticks to Snakes
  1011 | D:1      | Reached skill level 5 in Transmutations
  1209 | D:1      | Learned a level 3 spell: Spider Form
  1319 | D:2      | Reached XP level 4. HP: 25/32 MP: 3/7
  1536 | D:2      | Found a shattered altar of Ashenzari.
  1544 | D:2      | Became a worshipper of Ashenzari the Shackled
  1555 | D:2      | Found an ornate altar of the Wu Jian Council.
  1562 | D:2      | Found a sparkling altar of Nemelex Xobeh.
  2174 | D:2      | Found a sparkling altar of Nemelex Xobeh.
  2922 | D:3      | Reached XP level 5. HP: 36/37 MP: 9/9
  2971 | D:3      | Reached skill level 6 in Transmutations
  3284 | D:3      | Found a deep blue altar of Sif Muna.
  3400 | D:3      | Found a basalt altar of Yredelemnul.
  3400 | D:3      | Found a glowing golden altar of the Shining One.
  3404 | D:3      | Noticed an angel
  3427 | D:3      | Noticed a profane servitor
  3549 | D:3      | Reached * piety under Ashenzari
  3960 | D:3      | Killed from afar by an orc wizard

Skill      XL: |  1  2  3  4  5 |
---------------+----------------+-----
Transmutations | 3 4 5 6 |  6.2
Spellcasting   | 3 |  3.1
Fighting       | |  1.1
Dodging        | |  2.6
Unarmed Combat | |  3.2

Action                   |  1- 3 |  4- 6 || total
-------------------------+-------+-------++-------
Melee: Unarmed           |    41 |       ||    41
       Headbutt          |    14 |     2 ||    16
       Dagger            |    81 |       ||    81
       Punch             |     4 |     1 ||     5
       Spear             |    45 |   182 ||   227
 Cast: Beastly Appendage |    18 |     9 ||    27
       Sticks to Snakes  |     2 |     9 ||    11
  Use: Scroll            |     1 |     7 ||     8
       Potion            |       |     1 ||     1
 Stab: Distracted        |       |     1 ||     1
       Sleeping          |       |     1 ||     1
  Eat: Chunk             |     2 |     9 ||    11
Armor: Robe              |    37 |    28 ||    65
Dodge: Dodged            |   110 |   108 ||   218
